 Dungeon Crawl Stone Soup version 0.24-a0-521-g122614bf49 (webtiles) character file.

Game seed: 10898064839087290369

108325 Henning the Grappler (level 16, -10/159 HPs)
             Began as a Troll Fighter on July 30, 2019.
             Was the Champion of Okawaru.
             Killed from afar by an elephant (42 damage)
             ... with an exploding inner flame
             ... hexed by the player character
             ... on level 4 of the Lair of Beasts.
             The game lasted 01:12:00 (18324 turns).

Henning the Grappler (Troll Fighter)               Turns: 18324, Time: 01:12:03

Health: -10/159    AC: 19    Str: 28    XL:     16   Next: 2%
Magic:  0/30       EV: 16    Int:  6    God:    Okawaru [******]
Gold:   1181       SH: 14    Dex: 18    Spells: 22/23 levels left

rFire    . . .     SeeInvis .     - Unarmed
rCold    . . .     Gourm    +   b - +1 shield
rNeg     . . .     Faith    .   w - quicksilver dragon scales
rPois    .         Spirit   +   N - +1 hat
rElec    .         Reflect  .   r - +2 cloak
rCorr    .         Harm     .   (gloves unavailable)
MR       ++...                  (boots unavailable)
Stlth    +.........             p - amulet of guardian spirit
HPRegen  0.76/turn              y - +2 ring of dexterity
MPRegen  0.22/turn              u - ring of Nysi {MP+9 Int+4 Slay+3}

@: no status effects
A: large, unfitting armour, claws 3, horns 1, agile 1, dopey 1, fast metabolism
3, gourmand, regeneration 1, shaggy fur 1, tough skin 3, MP-powered wands
a: Heroism, Finesse, Renounce Religion


You were on level 4 of the Lair of Beasts.
You worshipped Okawaru.
Okawaru was exalted by your worship.
You were completely stuffed.

You visited 3 branches of the dungeon, and saw 20 of its levels.
You also visited: Bailey and Gauntlet.

You collected 1209 gold pieces.
You spent 28 gold pieces at shops.

Inventory:

Hand Weapons
 Z - the +4 shortbow of Psychosis {freeze, rC+ Int+3, unknown}
   (Okawaru gifted it to you on level 15 of the Dungeon)

   It causes projectiles fired from it to freeze those they strike, causing
   extra injury to most foes and up to half again as much damage against
   particularly susceptible opponents.
   They can also slow down cold-blooded creatures.
   It affects your intelligence (+3).
   It protects you from cold.
Missiles
 M - 27 large rocks (quivered)
Armour
 b - a +1 shield (worn)
 r - a +2 cloak (worn)
 w - quicksilver dragon scales (worn)
 A - the +5 robe of Night {Dark MR+ SInv}
   (You found it on level 8 of the Dungeon)

   It affects your resistance to hostile enchantments.
   It lets you see invisible.
 N - a +1 hat (worn)
Jewellery
 p - an amulet of guardian spirit (around neck)
 u - the ring of Nysi (right claw) {MP+9 Int+4 Slay+3}
   (You found it on level 4 of the Dungeon)

   [ring of magical power]

   It affects your intelligence (+4).
   It affects your accuracy and damage with ranged weapons and melee attacks
   (+3).
   It affects your magic capacity (+9).
 y - a +2 ring of dexterity (left claw)
 K - a +2 ring of protection
 Q - an uncursed ring of see invisible
 U - an uncursed ring of protection from cold
 W - an uncursed ring of positive energy
Wands
 m - a wand of digging (10)
 q - a wand of disintegration (20)
 x - a wand of clouds (4)
 F - a wand of flame (59)
 G - a wand of random effects (29)
 H - a wand of polymorph (9)
 J - a wand of paralysis (5)
 Y - a wand of acid (20)
Scrolls
 a - a scroll of teleportation
 g - a scroll of immolation
 n - 5 scrolls of magic mapping
 v - 9 scrolls of remove curse
 B - 2 scrolls of identify
 C - 3 scrolls of fear
 E - 3 scrolls of blinking
 L - 3 scrolls of enchant weapon
 P - 2 scrolls of silence
 T - a scroll of enchant armour
 X - a scroll of acquirement {unknown}
Potions
 c - 4 potions of might
 e - 3 potions of flight
 f - 2 potions of cancellation
 h - 2 potions of heal wounds
 i - 3 potions of ambrosia
 j - 4 potions of brilliance
 k - a potion of invisibility
 l - 6 potions of lignification
 o - 9 potions of curing
 s - 5 potions of haste
 t - 2 potions of berserk rage
 D - 2 potions of magic
 S - 2 potions of resistance
Miscellaneous
 I - a sack of spiders
Comestibles
 d - 37 rations
 z - 17 chunks of flesh


   Skills:
 + Level 10.3 Fighting
 + Level 6.2 Armour
 + Level 10.4 Dodging
 + Level 10.4 Shields
 + Level 12.0 Unarmed Combat
 - Level 4.0 Spellcasting
 + Level 6.3 Hexes
 - Level 7.0 Invocations
 - Level 2.0 Evocations


You had 22 spell levels left.
You knew the following spells:

 Your Spells              Type           Power        Failure   Level  Hunger
a - Confusing Touch       Hex            #.....       3%          1    ##.....

Your spell library contained the following spells:

 Spells                   Type           Power        Failure   Level  Hunger
 Slow                     Hex            #.......     5%          2    ###....
 Confuse                  Hex            #.......     11%         3    ####...
 Dazzling Spray           Conj/Hex       #.....       36%         3    ####...
 Spectral Weapon          Hex/Chrm       #.......     36%         3    ####...
 Summon Guardian Golem    Hex/Summ       #.......     36%         3    ####...
 Infusion                 Chrm           #...         43%         1    ##.....
 Magic Dart               Conj           #...         43%         1    ##.....
 Sting                    Conj/Pois      #...         43%         1    ##.....
 Summon Small Mammal      Summ           #...         43%         1    ##.....
 Blink                    Tloc           N/A          56%         2    ###....
 Call Imp                 Summ           #.......     56%         2    ###....
 Corpse Rot               Necr           N/A          56%         2    ###....
 Shroud of Golubria       Chrm/Tloc      #.....       56%         2    ###....
 Song of Slaying          Chrm           #.......     56%         2    ###....
 Sublimation of Blood     Necr           #.........   56%         2    ###....
 Leda's Liquefaction      Hex/Erth       #.........   77%         4    #####..
 Conjure Flame            Conj/Fire      #.......     80%         3    ####...
 Gell's Gravitas          Tloc           #.........   80%         3    ####...
 Mephitic Cloud           Conj/Pois/Air  #.......     80%         3    ####...
 Regeneration             Chrm/Necr      #.........   80%         3    ####...
 Stone Arrow              Conj/Erth      #.....       80%         3    ####...
 Metabolic Englaciation   Hex/Ice        #.........   98%         5    ######.
 Yara's Violent Unravell  Hex/Tmut       #.........   98%         5    ######.
 Iskenderun's Mystic Bla  Conj           #.......     99%         4    #####..
 Petrify                  Tmut/Erth      #.......     99%         4    #####..
 Summon Lightning Spire   Summ/Air       #.......     99%         4    #####..
 Alistair's Intoxication  Tmut/Pois      #.......     100%        5    ######.
 Summon Forest            Summ/Tloc      #.........   100%        5    ######.
 Conjure Ball Lightning   Conj/Air       #.........   100%        6    #######
 Hydra Form               Tmut           #.........   100%        6    #######
 Malign Gateway           Summ/Tloc      #.........   100%        7    #######
 Summon Hydra             Summ           #.........   100%        7    #######


Dungeon Overview and Level Annotations

Branches:
Dungeon (15/15)            Temple (1/1) D:7            Lair (4/6) D:10
 Shoals (0/4) Lair:2       Spider (0/4) Lair:4          Orc (0/2) D:11
 Vaults (0/5) D:13         Depths (0/5) D:15

Altars:
Ashenzari
Cheibriados
Dithmenos
Elyvilon
Fedhas
Gozag
Hepliaklqana
Kikubaaqudgha
Makhleb
Nemelex Xobeh
Okawaru
Qazlal
Ru
Sif Muna
Trog
Uskayaw
Vehumet
Wu Jian
Xom
Yredelemnul
Zin
The Shining One

Shops:
D:9 ?   D:13 *   D:15 (

Portals:
Trove: D:11 (give +4 shadow dragon scales)

Annotations:
Lair:1 exclusion: 2 oklob plants


Innate Abilities, Weirdness & Mutations

You are too large for most types of armour.
You have claws for hands.
Your metabolism is lightning-fast.
You like to eat raw meat.
Your natural rate of healing is unusually fast.
You are covered in fur. (AC +1)
You have extremely tough skin. (AC +3)
You have a pair of small horns on your head.
You are agile. (Dex +2)
You are dopey. (Int -2)
You expend magic power (3 MP) to strengthen your wands.


Message History

The elephant tramples the plant but does no damage.
The elephant completely misses the plant.
The elephant is engulfed in blazing flames.
The elephant closely misses you. x2
The elephant is engulfed in blazing flames.
The dream sheep bites you!!
You wake up.
* * * LOW HITPOINT WARNING * * *
The elephant closely misses you.
The elephant trunk-slaps you but does no damage.
You scratch the elephant.
The elephant is almost dead.
The elephant is engulfed in blazing flames.
You eviscerate the elephant!!!
The elephant explodes!
The fiery explosion engulfs the elephant!!!
The elephant explodes!
The fiery explosion engulfs the elephant!!
The elephant is severely wounded.
The fiery explosion engulfs you!!!
You die...

### ##### #.## ####.#.## ### ###
####..####§§Y#...# ##P####.#
##.......P§§§§@§..# ###........
###......#P.Y☼YY§§..###..........
.............Y.#§....##...P......
......#..#########.#..###P#P.#...
P÷÷..##### ###### #######..
.Y.#.# ##. .##### ###### #### #.
#.# ##.#P..## ##..#### ## .##
##........ #.#....##


You could see 3 elephants and 2 dream sheep.

Vanquished Creatures
  Rupert (D:13)
  Jorgrun (D:13)
  2 orc warlords
  A minotaur (Gauntlet)
  Azrael (D:13)
  Erolcha (D:13)
  An ogre mage (D:13)
  A catoblepas (Lair:4)
  5 centaur warriors
  A ghost crab (Gauntlet)
  A death knight (D:15)
  2 death yaks (Lair:2)
  A tengu warrior (D:14)
  11 two-headed ogres
  A shock serpent (shapeshifter) (D:13)
  2 slime creatures (D:15)
  2 deep elf knights (D:14)
  2 skeletal warriors (D:15)
  2 orc knights
  An orange crystal statue (Gauntlet)
  2 deep elf archers (D:14)
  A wizard (D:15)
  Pikel (D:7)
  A wolf spider zombie (D:15)
  18 ugly things
  An oklob plant (Lair:1)
  16 deep elf magi
  6 cyclopes
  A moth of wrath (shapeshifter) (D:15)
  2 centaur zombies
  2 manticores
  5 elephants (Lair:4)
  3 black mambas
  4 spiny frogs
  A torpor snail (Lair:2)
  2 gargoyles
  A komodo dragon (shapeshifter) (D:15)
  A centaur skeleton (D:15)
  5 komodo dragons
  An efreet (D:13)
  A meliai (shapeshifter) (D:15)
  5 trolls
  2 meliai zombies
  A blink frog (shapeshifter) (D:15)
  6 hippogriffs
  4 blink frogs (Lair:2)
  A dream sheep (Lair:4)
  A vampire (D:12)
  3 wraiths
  2 shadows
  20 yaks
  2 wyverns
  2 yaks (shapeshifter) (D:15)
  A fire elemental (D:13)
  Grum (D:8)
  8 vampire mosquitoes
  4 hungry ghosts
  2 soldier ants
  14 wargs (D:12)
  An acid dragon (D:13)
  3 hell hounds (D:13)
  8 water moccasins
  6 ice beasts
  4 porcupines
  5 sky beasts
  A slave (D:7)
  2 black bears
  A necrophage (D:10)
  29 orc warriors
  A phantom (D:9)
  An eye of draining (D:12)
  10 ogres
  28 centaurs
  9 wolves
  8 boggarts (D:15)
  5 big kobolds
  6 crocodiles
  22 bullfrogs
  A gnoll sergeant (D:7)
  6 scorpions
  12 killer bees
  15 wights
  An electric eel (Lair:2)
  2 howler monkeys
  A bullfrog zombie (D:13)
  10 crimson imps
  2 quasits
  15 orc priests
  13 hounds
  A gnoll shaman (D:10)
  2 jellies
  18 orc wizards
  Crazy Yiuf (D:4)
  4 bullfrog skeletons
  Ijyb (D:4)
  4 iguanas
  8 worker ants
  2 hound zombies
  2 worker ant zombies
  2 howler monkey skeletons
  20 gnolls
  14 adders
  4 shadow imps
  An ooze (D:3)
  An adder zombie (D:3)
  3 adder skeletons
  2 worms (D:2)
  A dart slug (D:1)
  10 leopard geckos
  122 orcs
  2 ball pythons
  9 bats
  9 giant cockroaches
  29 goblins
  22 hobgoblins
  11 jackals
  6 quokkas
  5 frilled lizards
  A giant cockroach zombie (D:5)
  24 kobolds
  A quokka skeleton (D:8)
  A quokka zombie (D:7)
  5 rats
  A plant (Lair:1)
  A withered plant (Gauntlet)
772 creatures vanquished.

Vanquished Creatures (others)
  A redback (shapeshifter) (D:13)
  A yak (D:13)
  A boggart (D:15)
  A hound (D:7)
  A kobold (D:7)
  A fungus (Lair:2)
  5 plants
  6 withered plants (Gauntlet)
17 creatures vanquished.

Grand Total: 789 creatures vanquished

Notes
Turn   | Place    | Note
-------+----------+-------------------------------------------
     0 | D:1      | Henning the Troll Fighter began the quest for the Orb.
     0 | D:1      | Reached XP level 1. HP: 22/22 MP: 0/0
   141 | D:1      | Reached XP level 2. HP: 26/29 MP: 1/1
   530 | D:1      | Reached XP level 3. HP: 35/36 MP: 2/2
   971 | D:2      | Reached XP level 4. HP: 38/44 MP: 3/3
  1388 | D:3      | Found a shattered altar of Ashenzari.
  1390 | D:3      | Found a bloodstained altar of Trog.
  1518 | D:3      | Reached skill level 3 in Unarmed Combat
  1583 | D:3      | Reached XP level 5. HP: 39/53 MP: 4/4
  1925 | D:3      | Found a stormy altar of Qazlal.
  2113 | D:3      | Found a burning altar of Makhleb.
  2340 | D:4      | Found a hide-covered altar of Uskayaw.
  2344 | D:4      | Noticed a +0 dagger
  2344 | D:4      | Noticed a +0 dagger
  2358 | D:4      | Reached XP level 6. HP: 61/61 MP: 3/5
  2386 | D:4      | Found a runed translucent door.
  2387 | D:4      | Noticed Crazy Yiuf
  2393 | D:4      | Killed Crazy Yiuf
  2459 | D:4      | Got a pitted wooden ring
  2632 | D:4      | Noticed Ijyb
  2640 | D:4      | Killed Ijyb
  2761 | D:4      | Reached skill level 4 in Unarmed Combat
  2811 | D:4      | Identified the ring of Nysi {MP+9 Int+4 Slay+3} (You found
                  | it on level 4 of the Dungeon)
  3113 | D:5      | Entered Level 5 of the Dungeon
  3129 | D:5      | Reached XP level 7. HP: 70/70 MP: 6/6
  3496 | D:5      | Reached skill level 5 in Unarmed Combat
  3496 | D:5      | Reached XP level 8. HP: 79/79 MP: 7/7
  3821 | D:6      | Reached skill level 5 in Fighting
  3826 | D:6      | Reached skill level 5 in Dodging
  3836 | D:6      | Reached skill level 5 in Shields
  3943 | D:6      | Reached skill level 6 in Unarmed Combat
  4586 | D:5      | Reached XP level 9. HP: 28/88 MP: 7/8
  4942 | D:7      | Found a snail-covered altar of Cheibriados.
  5093 | D:7      | Noticed Pikel
  5117 | D:7      | Killed Pikel
  5146 | D:7      | Reached skill level 7 in Unarmed Combat
  5163 | D:7      | Found a staircase to the Ecumenical Temple.
  5209 | Temple   | Entered the Ecumenical Temple
  5272 | Temple   | Became a worshipper of Warmaster Okawaru
  5346 | D:7      | Found a shadowy altar of Dithmenos.
  5546 | D:7      | Found an ornate altar of the Wu Jian Council.
  5546 | D:7      | Found a deep blue altar of Sif Muna.
  5605 | D:8      | Noticed a two-headed ogre
  5701 | D:7      | Killed a two-headed ogre
  5701 | D:7      | Reached * piety under Okawaru
  5701 | D:7      | Reached XP level 10. HP: 51/100 MP: 8/9
  5781 | D:8      | Found the +5 robe of Night {Dark MR+ SInv}
  5852 | D:8      | Noticed a two-headed ogre
  5860 | D:8      | Killed a two-headed ogre
  5860 | D:8      | Reached ** piety under Okawaru
  5958 | D:8      | Learned a level 1 spell: Confusing Touch
  6095 | D:8      | Noticed Grum
  6104 | D:8      | Reached skill level 8 in Unarmed Combat
  6112 | D:8      | Killed Grum
  6112 | D:8      | Reached skill level 1 in Invocations
  6133 | D:8      | Found a sacrificial altar of Ru.
  6491 | D:9      | Identified the Disquisition on Dark Battle Magic
  6505 | D:9      | Reached skill level 1 in Hexes
  6508 | D:9      | Reached *** piety under Okawaru
  6508 | D:9      | Reached skill level 1 in Spellcasting
  6619 | D:9      | Noticed a deep elf mage
  6635 | D:9      | Killed a deep elf mage
  6636 | D:9      | Found Yradgheun's Magic Scroll Emporium.
  6688 | D:9      | Bought a scroll of identify for 28 gold pieces
  6812 | D:9      | Reached **** piety under Okawaru
  6814 | D:9      | Received a gift from Okawaru
  7129 | D:10     | Entered Level 10 of the Dungeon
  7148 | D:10     | Reached XP level 11. HP: 99/109 MP: 12/12
  7404 | D:10     | Found a staircase to the Lair.
  7882 | D:11     | Found a portal to a secret trove of treasure.
  8217 | D:11     | Reached ***** piety under Okawaru
  8505 | D:11     | Found a staircase to the Orcish Mines.
  8612 | D:11     | Reached skill level 9 in Unarmed Combat
  8999 | D:12     | Received a gift from Okawaru
  9070 | D:12     | Noticed a two-headed ogre
  9080 | D:12     | Killed a two-headed ogre
  9093 | D:12     | Received a gift from Okawaru
  9524 | D:12     | Noticed an orc knight
  9538 | D:12     | Killed an orc knight
  9538 | D:12     | Reached XP level 12. HP: 108/119 MP: 15/15
  9554 | D:12     | Noticed an orc warlord
  9580 | D:12     | Killed an orc warlord
 10358 | D:13     | Received a gift from Okawaru
 10452 | D:13     | Reached skill level 5 in Invocations
 10547 | D:13     | Noticed an ogre mage
 10548 | D:13     | Noticed a two-headed ogre
 10548 | D:13     | Noticed a two-headed ogre
 10548 | D:13     | Noticed a two-headed ogre
 10552 | D:13     | Killed an ogre mage
 10552 | D:13     | Reached skill level 1 in Armour
 10559 | D:13     | Killed a two-headed ogre
 10572 | D:13     | Killed a two-headed ogre
 10574 | D:13     | Killed a two-headed ogre
 10579 | D:13     | Reached skill level 10 in Unarmed Combat
 10599 | D:13     | Noticed a centaur warrior
 10615 | D:13     | Killed a centaur warrior
 10711 | D:13     | Reached ****** piety under Okawaru
 10811 | D:13     | Noticed Jorgrun
 10908 | D:13     | Killed Jorgrun
 10908 | D:13     | Reached XP level 13. HP: 14/128 MP: 2/16
 11100 | D:13     | Noticed Rupert
 11101 | D:13     | Noticed Azrael
 11121 | D:13     | Killed Rupert
 11121 | D:13     | Received a gift from Okawaru
 11155 | D:13     | Killed Azrael
 11291 | D:13     | Found Voressal's Assorted Antiques.
 11301 | D:13     | Gained mutation: You have a pair of small horns on your
                  | head. [potion of mutation]
 11301 | D:13     | Gained mutation: You are agile. (Dex +2) [potion of
                  | mutation]
 11301 | D:13     | Gained mutation: You are dopey. (Int -2) [potion of
                  | mutation]
 11301 | D:13     | Gained mutation: You expend magic power (3 MP) to
                  | strengthen your wands. [potion of mutation]
 11441 | D:13     | Received a gift from Okawaru
 11527 | D:13     | Found a gate to the Vaults.
 11631 | D:13     | Noticed Erolcha
 11640 | D:13     | Killed Erolcha
 11778 | D:14     | Found a flagged portal.
 11783 | Bailey   | Entered a bailey
 11928 | Bailey   | Reached skill level 5 in Hexes
 12120 | Bailey   | Noticed an orc warlord
 12138 | Bailey   | Killed an orc warlord
 12213 | Bailey   | Reached skill level 11 in Unarmed Combat
 12213 | Bailey   | Reached skill level 1 in Evocations
 12213 | Bailey   | Reached XP level 14. HP: 140/140 MP: 17/17
 12260 | D:14     | Found a hide-covered altar of Uskayaw.
 12773 | D:14     | Reached XP level 15. HP: 149/149 MP: 19/19
 13417 | D:14     | Reached skill level 5 in Armour
 13446 | D:14     | Identified the ring of Red Wine {rElec rF+ rC+}
 13487 | D:14     | Received a gift from Okawaru
 13768 | D:15     | Entered Level 15 of the Dungeon
 13879 | D:15     | Reached skill level 10 in Shields
 14048 | D:15     | Found Olosoqewn's Antique Weapon Boutique.
 14251 | D:15     | Found a staircase to the Depths.
 14264 | D:15     | Reached skill level 10 in Fighting
 14337 | D:15     | Reached skill level 10 in Dodging
 14564 | D:15     | Received a gift from Okawaru
 14583 | D:15     | Got an ebony shortbow {god gift}
 15002 | Lair:1   | Entered Level 1 of the Lair of Beasts
 15857 | Lair:2   | Found a staircase to the Shoals.
 15876 | Lair:2   | Found a gate leading to a gauntlet.
 15891 | Gauntlet | Entered a Gauntlet
 15891 | Gauntlet | Found a transporter.
 15894 | Gauntlet | Found a transporter.
 15900 | Gauntlet | Found a transporter.
 15912 | Gauntlet | Found a transporter.
 15917 | Gauntlet | Found a transporter.
 15930 | Gauntlet | Identified the Papyrus of the Virous Entourage
 15967 | Gauntlet | Found a runed translucent door.
 15968 | Gauntlet | Found a runed translucent door.
 15970 | Gauntlet | Found a transporter.
 17885 | Lair:4   | Found a hole to the Spider Nest.
 17943 | Lair:4   | Reached skill level 12 in Unarmed Combat
 18186 | Lair:4   | Reached XP level 16. HP: 150/159 MP: 21/21
 18324 | Lair:4   | Killed from afar by an elephant

Levels and vault maps discovered:
D:1:      dpeg_arrival_tiny_g, layout_loops_ring, serial_bayou_pond_a
D:2:      layout_loops_corners
D:3:      layout_loops_ring, nicolae_qazlal_general_emergency,
          makhleb_blood_cavern_becter, grunt_temple_overflow_open, first_ration
D:4:      layout_loops_ring, dancing_weapons_uskayaw, serial_rivers,
          chequers_serial_rivers_micro_e, chequers_serial_rivers_micro_c,
          chequers_serial_rivers_small_a, chequers_serial_rivers_micro_d,
          chequers_serial_rivers_micro_c, chequers_serial_rivers_micro_e,
          guppyfry_early_lair_pool, uniq_crazy_yiuf_cottage, uniq_ijyb
D:5:      layout_loops_ring
D:6:      layout_cave_pods
D:7:      layout_cave_pools, gammafunk_temple_overflow_elements,
          grunt_dithmenos_smoke_and_mirrors, overflow_temple_1_default,
          minmay_temple_entry_ruins, uniq_pikel
D:8:      layout_rooms, blue_anna_alchemist [blue_anna_fruit_fields,
          blue_anna_fruit_fields], nicolae_ru_great_annihilating_truth,
          uniq_grum
D:9:      layout_cave_pools, serial_shops, nicolae_shop_trees,
          nicolae_underground_beach
D:10:     layout_rooms, lair_entry_dummy
D:11:     layout_long_grid, erik_orc_4, trove_entry_hex_spiral
D:12:     lemuel_castle_with_subvaults [lemuel_castle_interior_carwin_1],
          layout_irregular_city, grunt_ministairs_2,
          minmay_misc_feat_more_columns, st_stairs_5
D:13:     layout_roguey, david_vaults_2, serial_shops,
          nicolae_shop_overgrown_old_shop, uniq_rupert, uniq_erolcha,
          uniq_azrael, uniq_jorgrun
D:14:     minmay_elf_outpost, layout_basic, lemuel_altar_in_water,
          enter_bailey_3, kennysheep_nondescript
D:15:     gammafunk_enter_depths_forms, layout_long_grid,
          hangedman_decor_growths, serial_shops, nicolae_shop_crystal,
          serial_bayou_pond_c
Temple:   cyrus_circular_temple
Lair:1:   dpeg_oklob_gauntlet, layout_long_grid, st_stairs_4, minivault_19,
          minmay_lair_oklob_chamber, infiniplex_staircase_pool_2
Lair:2:   layout_gridlike, shoals_dummy_entry, gauntlet_entry_generic,
          minmay_stone_trees_small, nicolae_quartered_pool_super
Lair:3:   layout_small_grid, beast_lair_carwin_10
Lair:4:   layout_concentric_octagons, dummy_spider_entry

Skill      XL: |  1  2  3  4  5  6  7  8  9 10 11 12 13 14 15 |
---------------+----------------------------------------------+-----
Fighting       | 3 4 5 6 7 8 9 10 | 10.3
Dodging        | 3 4 5 6 7 8 9 10 | 10.4
Shields        | 3 4 5 6 7 8 9 10 | 10.4
Unarmed Combat | 3 4 5 6 7 8 9 10 11 12 | 12.0
Invocations    | 2 4 5 7 |  7.0
Hexes          | 1 3 4 5 6 |  6.3
Spellcasting   | 1 2 3 4 |  4.0
Armour         | 2 4 6 |  6.2
Evocations     | 1 2 |  2.0

Action                   |  1- 3 |  4- 6 |  7- 9 | 10-12 | 13-15 | 16-18 || total
-------------------------+-------+-------+-------+-------+-------+-------++-------
Melee: Unarmed           |    91 |   186 |   311 |   879 |  1071 |    12 ||  2550
       Headbutt          |       |       |       |       |   345 |     4 ||   349
Throw: Boomerang         |       |       |     1 |       |     1 |       ||     2
 Cast: Confusing Touch   |       |       |       |     1 |     2 |       ||     3
Invok: Heroism           |       |       |       |     2 |     1 |       ||     3
  Use: Scroll            |       |    12 |     2 |     9 |     8 |     1 ||    32
       Potion            |       |       |     1 |     1 |     4 |       ||     6
 Stab: Sleeping          |     1 |       |     2 |       |       |       ||     3
       Confused          |       |       |       |       |     1 |       ||     1
       Paralysed         |       |       |       |       |     1 |       ||     1
  Eat: Chunk             |    14 |    20 |    24 |    60 |    73 |     1 ||   192
Armor: Robe              |    23 |    56 |    84 |     9 |       |       ||   172
       Skin              |       |       |       |    93 |       |       ||    93
       Quicksilver drago |       |       |       |    40 |   285 |    21 ||   346
Dodge: Dodged            |    23 |    54 |   125 |   344 |   476 |    35 ||  1057
Block: Shield            |    34 |    85 |   168 |   496 |   650 |    15 ||  1448

Table legend:
 A = Non-vault XP
 B = Vault XP
 C = Vault XP percentage of total XP
 D = Non-vault monster count
 E = Vault monster count
 F = Vault count percentage of total count
                 A         B        C        D         E       F
            +---------+---------+-------+---------+---------+-------
      Total |   78404 |   41124 |  34.4 |     552 |     218 |  28.3
            +---------+---------+-------+---------+---------+-------
        D:1 |      42 |       0 |   0.0 |      23 |       0 |   0.0
        D:2 |      68 |       0 |   0.0 |      12 |       0 |   0.0
        D:3 |     174 |      43 |  19.8 |      36 |       1 |   2.7
        D:4 |     228 |     114 |  33.3 |       8 |       5 |  38.5
        D:5 |    1136 |       0 |   0.0 |      32 |       0 |   0.0
        D:6 |    1270 |       0 |   0.0 |      32 |       0 |   0.0
        D:7 |    1828 |     641 |  26.0 |      41 |       1 |   2.4
        D:8 |    1933 |     560 |  22.5 |      23 |       8 |  25.8
        D:9 |    2549 |       0 |   0.0 |      30 |       0 |   0.0
       D:10 |    2720 |       0 |   0.0 |      29 |       0 |   0.0
       D:11 |    3802 |     536 |  12.4 |      55 |      18 |  24.7
       D:12 |    2321 |    6486 |  73.6 |      21 |      59 |  73.8
       D:13 |   14336 |    9612 |  40.1 |      63 |       9 |  12.5
       D:14 |   14643 |   11273 |  43.5 |      39 |      23 |  37.1
       D:15 |   12859 |    3766 |  22.7 |      35 |      13 |  27.1
     Lair:1 |    1764 |     580 |  24.7 |      10 |       1 |   9.1
     Lair:2 |    6463 |       0 |   0.0 |      18 |       0 |   0.0
     Lair:3 |    2906 |     780 |  21.2 |      18 |       8 |  30.8
     Lair:4 |    7362 |       0 |   0.0 |      27 |       0 |   0.0
     Bailey |       0 |    3881 | 100.0 |       0 |      69 | 100.0
   Gauntlet |       0 |    2852 | 100.0 |       0 |       3 | 100.0
            +---------+---------+-------+---------+---------+-------
